 Dungeon Crawl Stone Soup version 0.20-a0-449-g96be121 (webtiles) character file.

131 Colliwobble the Distorting Demonspawn (level 4, -13/35 HPs)
             Began as a Demonspawn Abyssal Knight on Jan 7, 2017.
             Was a Believer of Lugonu.
             Mangled by Sigmund
             ... wielding a +0 scythe
              (15 damage)
             ... on level 2 of the Dungeon.
             The game lasted 00:05:57 (2597 turns).

Colliwobble the Distorting Demonspawn (DsAK)        Turns: 2597, Time: 00:05:58

Health: -13/35     AC:  5    Str: 13    XL:     4   Next: 91%
Magic:  7/7        EV:  9    Int: 14    God:    Lugonu [**....]
Gold:   155        SH:  0    Dex: 12    Spells: 3/3 levels left

rFire  . . .     SeeInvis .     a - +1 spear
rCold  . . .     Gourm    .     h - +0 ring mail
rNeg   . . .     Faith    .     l - +0 buckler
rPois  .         Spirit   .     (no helmet)
rElec  .         Reflect  .     (no cloak)
rCorr  .         Harm     .     (no gloves)
MR     .....                    (no boots)
Stlth  ..........               (no amulet)
                                (no ring)
                                (no ring)

@: confused
A: talons 2
a: Depart the Abyss, Bend Space, Renounce Religion


You were on level 2 of the Dungeon.
You worshipped Lugonu.
Lugonu was pleased with you.
You were hungry.

You visited 1 branch of the dungeon, and saw 3 of its levels.
You visited the Abyss 1 time.

You collected 155 gold pieces.

Inventory:

Hand Weapons
 a - a +1 spear (weapon)
Armour
 h - a +0 ring mail (worn)
 l - a +0 buckler (worn)
Jewellery
 g - an uncursed ring of see invisible {unknown}
Scrolls
 b - 4 scrolls of recharging {unknown}
 e - 2 scrolls of teleportation {unknown}
 j - 2 scrolls of identify {unknown}
 k - a scroll of magic mapping {unknown}
 q - a scroll of fog {unknown}
 r - a scroll of immolation {unknown}
Potions
 d - a potion of might {unknown}
 m - a potion of magic {unknown}
 n - 2 potions of ambrosia {unknown}
 o - a potion of curing {unknown}
Comestibles
 c - a bread ration
 f - 3 fruits
 i - 4 meat rations


   Skills:
 - Level 3.0 Fighting
 * Level 3.9 Polearms
 - Level 1.7 Armour
 - Level 0.8 Dodging
 + Level 4.3 Invocations


You had 3 spell levels left.
You didn't know any spells.

Dungeon Overview and Level Annotations

Branches:
Dungeon (3/15)

Altars:
Okawaru

Annotations:
D:2 Sigmund


Innate Abilities, Weirdness & Mutations

You have razor-sharp toenails.


Message History

Space bends around you!
You blink.
Sigmund shouts!
Sigmund points at you and mumbles some strange words.
You are confused.
Sigmund closely misses you.
You're too confused!
There are no items here.
You're too confused to move!
Sigmund closely misses you. Sigmund barely misses you.
Sigmund points at you and mumbles some strange words.
The magic dart hits you!
* * * LOW HITPOINT WARNING * * *
You feel less confused.
The gnoll hits you from afar with a spear.
* * * LOW HITPOINT WARNING * * *
Sigmund points at you and mumbles some strange words.
You are confused.
You bump into the rock wall.
The gnoll closely misses you. Sigmund hits you with a scythe!
You die...

##.# ##.....##.# #.##
##.......#.###### .##
#........)........ ##
#..........####### #
#..........# #........#.#
# #.#.....##.# ###.
###@##...###.# #...
#############gg[@........#
#.#h
....>.........#.###.....##
hg ###############.# ####.
... ..####### #.# #.#
......... #.# # #.######
#.# #.# ##.## #.# #.(.#
..# ###.#.#


You could see Sigmund and 2 gnolls.

Vanquished Creatures
  3 gnolls (D:3)
  3 adders
  An ooze (D:3)
  A worm (D:2)
  5 dart slugs (D:1)
  A leopard gecko (D:1)
  An orc (D:3)
  3 giant cockroaches
  6 goblins
  7 hobgoblins
  4 jackals
  10 bats
  3 frilled lizards
  5 kobolds
  4 rats
57 creatures vanquished.

Notes
Turn   | Place    | Note
-------+----------+-------------------------------------------
     0 | Abyss:1  | Colliwobble the Demonspawn Abyssal Knight began the quest for the Orb.
     0 | Abyss:1  | Reached XP level 1. HP: 18/18 MP: 2/2
    40 | D:1      | Escaped the Abyss
   106 | D:1      | Gained mutation: You have sharp toenails. [demonic ancestry]
   106 | D:1      | Reached XP level 2. HP: 19/24 MP: 4/4
   332 | D:1      | Reached skill level 3 in Invocations
   436 | D:1      | Gained mutation: You have razor-sharp toenails. [demonic ancestry]
   436 | D:1      | Reached XP level 3. HP: 29/29 MP: 5/5
   485 | D:1      | Reached ** piety under Lugonu
  1374 | D:2      | Noticed Sigmund
  1374 | D:2      | Reached XP level 4. HP: 25/35 MP: 6/6
  1599 | D:3      | Found an iron altar of Okawaru.
  1624 | D:3      | Reached skill level 4 in Invocations
  2597 | D:2      | Mangled by Sigmund

Vault maps used:
D:1:      onia_arrival_mini_spirals
D:2:      uniq_sigmund
D:3:      old_standard_altar, serial_forest, infiniplex_forest_clump_small,
          infiniplex_forest_clump_cross, infiniplex_forest_clump_small,
          infiniplex_forest_end_2, infiniplex_forest_clump_curved, uniq_natasha

Skill      XL: |  1  2  3  4 |
---------------+-------------+-----
Polearms       | 2 3 |  3.9
Invocations    | 3 4 |  4.3
Fighting       | |  3.0
Armour         | |  1.7
Dodging        | |  0.8

Action                   |  1- 3 |  4- 6 || total
-------------------------+-------+-------++-------
Melee: Spear             |   136 |   102 ||   238
       Kick              |    17 |    27 ||    44
Invok: Bend Space        |       |     1 ||     1
  Eat: Chunk             |     2 |     3 ||     5
Armor: Leather armour    |     8 |       ||     8
       Ring mail         |    20 |    39 ||    59
Dodge: Dodged            |    36 |    53 ||    89
Block: Buckler           |     9 |    18 ||    27
